Unix NetHack Version 5.0.0-0 post-release - last build May 31 2026 23:59:36 (970b52f25bf058293b47ddfd14a1e40e571c508c,branch:main).

Game began 2026-06-08 17:18:38, ended 2026-06-08 17:26:20.

AndiBanandi, chaotic female elven Wizard

                                                   ------
                                                   ...$..
                                                   |....|
                                                   |....|
                                                  #..@o.|
                                                  #|.....
                                                 ##--|---
                                                 #
                                                 #
                                                ##
                                               ##
                                               #
                                - ----.--------#
                                |....<.........#
                                |.............|
                                |.............|
                                ---------------

AndiBanandi the Conjurer  St:9 Dx:17 Co:10 In:19 Wi:12 Ch:10  Chaotic
Dlvl:3  $:34 HP:0(20) Pw:34(42) AC:9  Xp:3 T:1378  Hungry  

Latest messages:
 You hit the large kobold!
 The large kobold hits!
 You kill the large kobold!
 Welcome to experience level 3.
 You see here a large kobold corpse.
 In what direction? 6
 The spell hits the giant rat!
 You kill the giant rat!
 You hear the footsteps of a guard on patrol.
 You see Walbrzych.
 You are beginning to feel hungry.
 What do you want to eat?
 This lichen corpse tastes okay.
 You finish eating the lichen corpse.
 $ - 10 gold pieces (19 in total).
 The door resists!
 The door opens.
 You hear the chime of a cash register.
 You see a lichen.
 $ - 9 gold pieces (28 in total).
 You are beginning to feel hungry.
 You see a yellow mold.
 You kill the yellow mold!
 You see here a yellow mold corpse.
 You descend the stairs.
 $ - 6 gold pieces (34 in total).
 This door is locked.
 This door is locked.
 This door is locked.
 This door is locked.
 This door is locked.
 You don't have anything to eat.
 This door is locked.
 In what direction? 6
 The door crashes open!
 You see a hobgoblin.
 The hobgoblin wields a curved sword!
 You hit the hobgoblin.
 The hobgoblin swings his curved sword.
 The hobgoblin hits!
 In what direction? 6
 The spell misses the hobgoblin.
 The hobgoblin swings his curved sword.
 The hobgoblin hits!
 You die...
 Do you want your possessions identified? [ynq] (y) n
 Do you want to see your attributes? [ynq] (y) n
 Do you want an account of creatures vanquished? [ynaq] (y) n
 Do you want to see your conduct and achievements? [ynq] (y) n
 Do you want to see the dungeon overview? [ynq] (y) n

Inventory:
 Coins    ('$')
  $ - 34 gold pieces
 Weapons  (')')
  u - 13 +0 darts
  a - a blessed +1 quarterstaff (weapon in hands)
 Armor    ('[')
  b - an uncursed +0 cloak of magic resistance (being worn)
 Scrolls  ('?')
  k - an uncursed scroll of destroy armor
  i - a blessed scroll of enchant weapon
  j - an uncursed scroll of light
 Spellbooks  ('+')
  s - an uncursed novel named Feet of Clay
  p - an uncursed spellbook of confuse monster
  l - a blessed spellbook of force bolt
  m - an uncursed spellbook of haste self
 Potions  ('!')
  w - an uncursed potion of healing
  g - an uncursed potion of levitation
  f - an uncursed potion of monster detection
  h - an uncursed potion of oil
  t - an uncursed potion of water
 Rings    ('=')
  e - an uncursed +1 ring of gain strength (on right hand)
  d - an uncursed ring of polymorph control (on left hand)
 Wands    ('/')
  c - a wand of opening (0:7)
 Tools    ('(')
  o - an uncursed bell
  n - a magic marker (0:21)
 Special
 (list likely candidates)

AndiBanandi the Wizard's attributes:

Background:
 You were a Conjurer, a level 3 female elven Wizard.
 You were chaotic, nominally on a mission for Anhur
 who was opposed by Ptah (lawful) and Thoth (neutral).
 You were right-handed.
 You were in the Dungeons of Doom, on level 3.
 You entered the dungeon 1378 turns ago.
 You had 48 experience points, 32 more were needed to attain level 4.

Basics:
 You had 0 out of 20 hit points.
 You had 34 out of 42 energy points (spell power).
 Your armor class was 9.
 Your wallet contained 34 zorkmids.
 Autopickup was on for '$"/!?+' plus thrown.

Final Characteristics:
 Your strength was 9 (base:8, limit:18).
 Your dexterity was 17 (limit:18).
 Your constitution was 10 (limit:16).
 Your intelligence was 19 (limit:20).
 Your wisdom was 12 (limit:20).
 Your charisma was 10 (limit:18).

Final Status:
 You were hungry.
 You were unencumbered.
 You were wielding a quarterstaff.
 You had basic skill with quarterstaff.

Final Attributes:
 You were devoutly aligned.
 You were magic-protected.
 You had infravision.
 You were warded.
 You had polymorph control.
 You are dead.

Miscellaneous:
 You didn't encounter any bones levels.
 Total elapsed playing time was 7 minutes and 41 seconds.

Major events:
 Turn
    1: AndiBanandi the chaotic female elven Wizard entered the dungeon
 1121: attained the rank of Conjurer (level 3)
 1378: killed by a hobgoblin

Spells:
 Name                 Level Category     Fail Retention
 force bolt             1   attack         0%  91%-100%
 haste self             3   escape        72%  76%-100%
 confuse monster        1   enchantment    0%  91%-100%

Skills:
 Fighting Skills
   bare handed combat [Unskilled]
   riding             [Unskilled]
 Weapon Skills
   dagger             [Unskilled]
   knife              [Unskilled]
   axe                [Unskilled]
   short sword        [Unskilled]
   club               [Unskilled]
   mace               [Unskilled]
   quarterstaff       [Basic]
   polearms           [Unskilled]
   spear              [Unskilled]
   trident            [Unskilled]
   sling              [Unskilled]
   dart               [Unskilled]
   shuriken           [Unskilled]
 Spellcasting Skills
   attack spells      [Basic]
   healing spells     [Unskilled]
   divination spells  [Unskilled]
   enchantment spells [Basic]
   clerical spells    [Unskilled]
   escape spells      [Unskilled]
   matter spells      [Unskilled]

Voluntary challenges:
 Character rerolling was not enabled.
 You were an atheist.
 You never had a pet.
 You never genocided any monsters.
 You never polymorphed an object.
 You never changed form.
 You used no wishes.
Achievements:
 You entered a shop.
 You attained the rank of Conjurer.

 The Dungeons of Doom: levels 1 to 3
    Level 1:
    Level 2:
       A potion shop, some fountains.
    Level 3: <- You were here.
       Final resting place for
          you, killed by a hobgoblin.


Vanquished creatures:
  a large kobold
  a giant rat
  a yellow mold
  2 kobolds
  a goblin
  3 grid bugs
  2 lichens
  a kobold zombie
  6 newts
18 creatures vanquished.

No species were genocided or became extinct.

Game over:
                       ----------
                      /          \
                     /    REST    \
                    /      IN      \
                   /     PEACE      \
                  /                  \
                  |   AndiBanandi    |
                  |      34 Au       |
                  |   killed by a    |
                  |    hobgoblin     |
                  |                  |
                  |                  |
                  |       2026       |
                 *|     *  *  *      | *
        _________)/\\_//(\/(/\)/\//\/|_)_______

Goodbye AndiBanandi the Wizard...

You died in The Dungeons of Doom on dungeon level 3 with 323 points,
and 34 pieces of gold, after 1378 moves.
You were level 3 with a maximum of 20 hit points when you died.

